 Dungeon Crawl Stone Soup version 0.20-a0-785-g17250f0 (webtiles) character file.

91 Gorglomux the Slinger (level 4, -11/29 HPs)
             Began as a Halfling Hunter on Feb 27, 2017.
             Mangled by Robin
             ... wielding a +1 whip of electrocution
              (16 damage)
             ... on level 3 of the Dungeon.
             The game lasted 00:03:43 (2020 turns).

Gorglomux the Slinger (Halfling Hunter)             Turns: 2020, Time: 00:03:44

Health: -11/29     AC:  4    Str: 15    XL:     4   Next: 87%
Magic:  4/4        EV: 14    Int:  9    God:
Gold:   102        SH:  0    Dex: 15    Spells: 3/3 levels left

rFire    . . .     SeeInvis .   a - +1 hunting sling
rCold    . . .     Gourm    .   c - +0 leather armour
rNeg     . . .     Faith    .   (shield restricted)
rPois    .         Spirit   .   t - +0 helmet
rElec    .         Reflect  .   (no cloak)
rCorr    .         Harm     +   (no gloves)
MR       .....                  (no boots)
Stlth    ++........             y - amulet of harm
Regen    0.1/turn               (no ring)
MPRegen  0.1/turn               I - +2 ring of strength

@: no status effects
A: mutation resistance 1
a: no special abilities


You were on level 3 of the Dungeon.
You were not hungry.

You visited 1 branch of the dungeon, and saw 3 of its levels.

You collected 102 gold pieces.

Inventory:

Hand Weapons
 a - a +1 hunting sling (weapon)
 b - a +0 short sword
Missiles
 d - 39 sling bullets
 i - 77 stones (quivered)
Armour
 c - a +0 leather armour (worn)
 t - a +0 helmet (worn)
Jewellery
 y - an amulet of harm (around neck)
 I - a +2 ring of strength (left hand)
Wands
 E - a wand of enslavement (12/24)
Scrolls
 j - a scroll of enchant armour {unknown}
 k - a scroll of amnesia {unknown}
 m - a scroll of magic mapping {unknown}
 s - 2 scrolls of noise {unknown}
 w - a scroll of teleportation {unknown}
 x - 2 scrolls of identify {unknown}
 z - a scroll of immolation {unknown}
 B - a scroll of remove curse {unknown}
 G - a scroll of random uselessness {unknown}
Potions
 h - a potion of cancellation {unknown}
 n - a potion of magic {unknown}
 o - a potion of lignification {unknown}
 p - a potion of mutation {unknown}
 q - 3 potions of curing {unknown}
 A - a potion of invisibility {unknown}
 H - 2 potions of heal wounds {unknown}
Comestibles
 f - 2 bread rations
 r - a meat ration
 u - a royal jelly
 F - 2 fruits


   Skills:
 - Level 1.7 Fighting
 + Level 8.4 Slings
 - Level 2.1 Dodging
 - Level 1.1 Stealth


You had 3 spell levels left.
You didn't know any spells.

Dungeon Overview and Level Annotations

Branches:
Dungeon (3/15)

Altars:

Annotations:
D:3 Robin


Innate Abilities, Weirdness & Mutations

You are small and have problems with some larger weapons.
You are somewhat resistant to further mutation.


Message History

Aim: a goblin, wielding a dagger (unusually strong)
You shoot a stone. The stone barely misses the goblin.
The goblin hits you but does no damage.
Firing (i - inventory. (,) - cycle):
i - 79 stones (quivered)
Press: ? - help, Shift-Dir - straight line, f/p - goblin
Aim: a goblin, wielding a dagger (unusually strong)
You shoot a stone. The stone hits the goblin.
The goblin is moderately wounded.
The goblin hits you with a dagger.
* * * LOW HITPOINT WARNING * * *
Firing (i - inventory. (,) - cycle):
i - 78 stones (quivered)
Press: ? - help, Shift-Dir - straight line, f/p - goblin
Aim: a goblin, wielding a dagger (moderately wounded, unusually strong)
You shoot a stone. The stone hits the goblin.
The goblin is severely wounded.
Robin hits you with a whip of electrocution.
* * * LOW HITPOINT WARNING * * *
You are electrocuted!
Ouch! That really hurt!
You die...

....#
#............
....#
#............
....#
#............
....#
#......###.###
....#
#.............
#...#
###......######.
##..###.).[....<##
..........#....(.#
##..###.###(...g@#
#..# #.# #....#g#
#.># #.# #....#g#
####
#....#####og.gog.g
#.### .)g###og.
#.# .##.# .. .. .#
## .. ##


You could see Robin, an orc, a hobgoblin and 3 goblins.

Vanquished Creatures
  Jessica (D:2)
  A dart slug (D:2)
  5 leopard geckos
  3 orcs (D:3)
  4 bats
  5 giant cockroaches
  7 goblins
  7 hobgoblins
  4 jackals (D:2)
  5 kobolds
  A quokka (D:2)
  3 frilled lizards
  2 rats
48 creatures vanquished.

Notes
Turn   | Place    | Note
-------+----------+-------------------------------------------
     0 | D:1      | Gorglomux the Halfling Hunter began the quest for the Orb.
     0 | D:1      | Reached XP level 1. HP: 14/14 MP: 1/1
    21 | D:1      | Reached skill level 6 in Slings
    65 | D:1      | Reached XP level 2. HP: 19/19 MP: 2/2
   836 | D:2      | Reached skill level 7 in Slings
   836 | D:2      | Reached XP level 3. HP: 24/24 MP: 3/3
  1458 | D:2      | Noticed Jessica
  1471 | D:2      | Killed Jessica
  1471 | D:2      | Reached skill level 8 in Slings
  1471 | D:2      | Reached XP level 4. HP: 13/29 MP: 4/4
  1990 | D:3      | Noticed Robin
  2020 | D:3      | Mangled by Robin

Vault maps used:
D:1:      lemuel_arrival_behind_the_door_small
D:2:      kennysheep_jessica_study
D:3:      lemuel_crystal_altar, uniq_robin

Skill      XL: |  1  2  3 |
---------------+----------+-----
Slings         | 6 7 8 |  8.4
Fighting       | |  1.7
Dodging        | |  2.1
Stealth        | |  1.1

Action                   |  1- 3 |  4- 6 || total
-------------------------+-------+-------++-------
 Fire: Hunting sling     |    86 |    46 ||   132
  Eat: Chunk             |     1 |     2 ||     3
Armor: Leather armour    |     6 |     4 ||    10
Dodge: Dodged            |    14 |    13 ||    27
